 Dungeon Crawl Stone Soup version bcrawl-1.19.2-6-g6a88ae04c9 (webtiles) character file.

Game seed: 2514020204463559526

877 Mrkan the Skirmisher (level 8, -11/63 HPs)
             Began as a Hill Orc Fighter on Dec 24, 2019.
             Was an Initiate of Hepliaklqana.
             Mangled by an orc warrior
             ... wielding a +0 halberd
              (13 damage)
             ... on level 6 of the Dungeon.
             The game lasted 00:06:33 (4398 turns).

Mrkan the Skirmisher (Hill Orc Fighter)             Turns: 4398, Time: 00:06:33

Health: -11/63     AC: 13    Str: 25    XL:     8   Next: 4%
Magic:  8/8        EV:  5    Int:  8    God:    Hepliaklqana [......]
Gold:   197        SH: 10    Dex: 11    Spells: 7/7 levels left

rFire    . . .     SeeInvis .   y - +2 hand axe (flame)
rCold    . . .     Gourm    .   c - +0 shield
rNeg     . . .     Faith    .   g - +0 plate armour
rPois    .         Spirit   .   (no helmet)
rElec    .         Reflect  .   u - +0 cloak
rCorr    .         Harm     .   (no gloves)
MR       .....                  (no boots)
Stlth    ..........             (no amulet)
HPRegen  0.20/turn              (no ring)
MPRegen  0.11/turn              (no ring)

@: mighty
A: reduced essence
a: Recall Ancestor, Ancestor Identity, Renounce Religion


You were on level 6 of the Dungeon.
You worshipped Hepliaklqana.
Hepliaklqana was noncommittal.
You were hungry.

You visited 1 branch of the dungeon, and saw 6 of its levels.

You collected 197 gold pieces.

Inventory:

Hand Weapons
 r - a +2 falchion of distortion
 y - a +2 hand axe of flaming (weapon)
Armour
 c - a +0 shield (worn)
 g - a +0 plate armour (worn)
 u - a +0 cloak (worn)
Wands
 m - a wand of polymorph (7)
 t - a wand of disintegration (16)
Scrolls
 b - a scroll of noise {unknown}
 h - 2 scrolls of fear {unknown}
 j - 2 scrolls of remove curse {unknown}
 k - 2 scrolls of identify {unknown}
 l - 3 scrolls of teleportation {unknown}
 o - a scroll of amnesia {unknown}
 v - a scroll of enchant armour {unknown}
 w - a scroll of blinking {unknown}
Potions
 a - 2 potions of mutation {unknown}
 e - 5 potions of curing {unknown}
 i - a potion of cancellation {unknown}
 n - 2 potions of heal wounds {unknown}
 p - a potion of flight {unknown}
 q - a potion of brilliance {unknown}
 s - a potion of degeneration {unknown}
Comestibles
 f - 8 rations {!d}


   Skills:
 * Level 6.7 Fighting
   Level 6.7 Short Blades
   Level 6.7 Long Blades
   Level 6.7 Axes
   Level 6.7 Maces & Flails
   Level 6.7 Polearms
   Level 6.7 Staves
 + Level 5.8 Armour
 + Level 5.8 Shields
   Level 6.7 Unarmed Combat


You had 7 spell levels left.
You didn't know any spells.
Your spell library contained the following spells:

 Spells                   Type           Power        Failure   Level  Hunger
 Magic Dart               Conj           #...         100%        1    ##.....
 Searing Ray              Conj           #.......     100%        2    ###....
 Iskenderun's Mystic Bla  Conj           #.......     100%        3    ####...
 Fulminant Prism          Conj/Hex       #.........   100%        4    #####..
 Irradiate                Conj/Tmut      #.........   100%        5    ######.


Dungeon Overview and Level Annotations

Branches:
Dungeon (6/12)
 Temple: D:4-7

Altars:
Dithmenos
Fedhas
Hepliaklqana
Kikubaaqudgha
Wu Jian


Message History

Your plate armour prevents you from hitting something.
Something hits you but does no damage.
Xiuhtonal hits something.
Reactivating autopickup.
You feel a bit more experienced.
The orc warrior hits you with a +0 halberd.
* * * LOW HITPOINT WARNING * * *
You closely miss the orc warrior. You hit the orc warrior.
You burn the orc warrior.
The orc warrior is lightly wounded.
The orc warrior hits you but does no damage.
Xiuhtonal hits the orc warrior but does no damage.
You closely miss the orc warrior.
The orc warrior is lightly wounded.
Xiuhtonal barely misses the orc warrior.
The orc warrior barely misses you.
You hit the orc warrior but do no damage.
The orc warrior is lightly wounded.
Xiuhtonal hits the orc warrior but does no damage.
The orc warrior hits you with a +0 halberd!
You die...

.#..... ..#.........#
#...........###
#.............
#######...........#
......$....^.....##.
###oR.............[.
##..@)[...........#..
#.....)........†<......
#.###..................
#.....<............
#.................(
....................
##.###..##.##..####..
... ..........## .. ..
........... .


You could see the friendly Xiuhtonal the ancestor and an orc warrior.

Vanquished Creatures
  A sky beast (D:5)
  4 howler monkeys
  2 crimson imps
  A centaur zombie (D:4)
  A hound (D:2)
  A bullfrog skeleton (D:6)
  An orc priest (D:6)
  2 orc wizards
  A centaur skeleton (D:2)
  3 worker ants
  Robin (D:3)
  A worker ant zombie (D:3)
  9 adders
  2 oozes (D:3)
  6 worms
  6 leopard geckos
  9 orcs
  A ball python (D:1)
  2 giant cockroaches
  14 hobgoblins
  3 quokkas
  4 frilled lizards
  7 goblins
  5 kobolds
  7 rats
94 creatures vanquished.

Vanquished Creatures (collateral kills)
  A scorpion (D:6)
  An orc wizard (D:6)
2 creatures vanquished.

Grand Total: 96 creatures vanquished

Notes
Turn   | Place    | Note
-------+----------+-------------------------------------------
     0 | D:1      | Mrkan the Hill Orc Fighter began the quest for the Orb.
     0 | D:1      | Reached XP level 1. HP: 20/20 MP: 1/1
   209 | D:1      | Reached XP level 2. HP: 17/27 MP: 2/2
   792 | D:2      | Reached XP level 3. HP: 31/34 MP: 3/3
   935 | D:2      | Reached XP level 4. HP: 27/41 MP: 4/4
  1309 | D:3      | Noticed Robin
  1317 | D:3      | Killed Robin
  1318 | D:3      | Reached skill level 5 in Fighting
  1318 | D:3      | Reached XP level 5. HP: 45/48 MP: 5/5
  1446 | D:3      | Found a faded altar of an unknown god.
  1864 | D:3      | Found an ancient bone altar of Kikubaaqudgha.
  2442 | D:4      | Reached XP level 6. HP: 56/56 MP: 6/6
  2749 | D:4      | Found a blossoming altar of Fedhas.
  2919 | D:4      | Reached skill level 5 in Armour
  2924 | D:4      | Found an ornate altar of the Wu Jian Council.
  3339 | D:4      | Reached skill level 5 in Shields
  3339 | D:4      | Reached XP level 7. HP: 50/62 MP: 7/7
  3560 | D:5      | Entered Level 5 of the Dungeon
  3626 | D:5      | Reached skill level 6 in Fighting
  3669 | D:5      | Found a shadowy altar of Dithmenos.
  3955 | D:5      | Found a hazy altar of Hepliaklqana.
  4192 | D:5      | Became a worshipper of Hepliaklqana the Forgotten
  4393 | D:6      | Reached XP level 8. HP: 9/63 MP: 8/8
  4393 | D:6      | HP: 3/63 [orc warrior/+0 halberd (7)]
  4394 | D:6      | HP: 1/63 [orc warrior/+0 halberd (2)]
  4398 | D:6      | Mangled by an orc warrior

Skill      XL: |  1  2  3  4  5  6  7 |
---------------+----------------------+-----
Armour         | 4 5 |  5.8
Shields        | 4 5 |  5.8
Fighting       | 5 6 |  6.7
Short Blades   | |  6.7
Long Blades    | |  6.7
Axes           | |  6.7
Maces & Flails | |  6.7
Polearms       | |  6.7
Staves         | |  6.7
Unarmed Combat | |  6.7

Action                   |  1- 3 |  4- 6 |  7- 9 || total
-------------------------+-------+-------+-------++-------
Melee: War axe           |    93 |   242 |    57 ||   392
       Hand axe          |       |       |    24 ||    24
Invok: Ancestor Identity |       |       |     1 ||     1
  Use: Potion            |       |       |     1 ||     1
  Eat: Chunk             |       |     8 |     3 ||    11
Armor: Plate armour      |    51 |   141 |    61 ||   253
       Scale mail        |     3 |       |       ||     3
Dodge: Dodged            |    11 |    39 |    13 ||    63
Block: Shield            |    44 |   139 |    42 ||   225
